 Dungeon Crawl Stone Soup version 0.30.1-11-g7821555f0a (webtiles) character file.

Game seed: 18342350571634385491

46 fireball365 the Trooper (level 3, 0/33 HPs)
             Began as a Hill Orc Fighter on Nov 26, 2023.
             Succumbed to an adder's poison
             ... on level 2 of the Dungeon.
             The game lasted 00:01:28 (870 turns).

fireball365 the Trooper (Hill Orc Fighter)           Turns: 870, Time: 00:01:29

Health: 0/33       AC:  7    Str: 20    XL:     3   Next: 68%
Magic:  3/3        EV:  9    Int:  8    God:
Gold:   47         SH:  4    Dex: 10    Spells: 2/2 levels left

rFire   . . .        a - +0 war axe
rCold   . . .        c - +0 buckler
rNeg    . . .        b - +0 scale mail
rPois   .            (no helmet)
rElec   .            (no cloak)
rCorr   .            (no gloves)
SInv    .            (no boots)
Will    .....        (no amulet) Stlth
                     (no ring)
HPRegen 0.25/turn    (no ring)
MPRegen 0.08/turn

%: no passive effects
@: lethally poisoned (0 -> -3), hasted, very quick
A: no striking features
a: no special abilities


You were on level 2 of the Dungeon.
You visited 1 branch of the dungeon, and saw 2 of its levels.

You collected 47 gold pieces.

Inventory:

Hand Weapons
 a - a +0 war axe (weapon)
Armour
 b - a +0 scale mail (worn)
 c - a +0 buckler (worn)
Jewellery
 e - an amulet of guardian spirit
Scrolls
 f - 2 scrolls of identify {unknown}
 g - a scroll of brand weapon {unknown}
Potions
 d - 2 potions of might
 h - a potion of haste


   Skills:
 + Level 4.0 Fighting
 + Level 3.5 Axes
 + Level 3.8 Armour
 + Level 0.2 Dodging
 + Level 3.7 Shields


You had 2 spell levels left.
You didn't know any spells.
Your spell library was empty.

Dungeon Overview and Level Annotations

Branches:
Dungeon (2/15)

Altars:

Annotations:
D:2 Sigmund


Message History

The dart slug launches a dart at you. The slug dart misses you.
Something hits you!
You barely miss the adder.
The adder is moderately wounded.
You hit the dart slug.
You kill the dart slug!
The adder barely misses you. The adder bites you but does no damage.
Something hits you.
You hit the adder but do no damage.
The adder is moderately wounded.
The adder bites you but does no damage. x2; Something hits you.
You closely miss the adder.
The adder is moderately wounded.
The adder bites you but does no damage. The adder bites you.
You are poisoned.
The adder poisons you!
You miss the adder.
The adder is moderately wounded.
You feel sick. Something hits you! The adder bites you but does no damage.
You hit the adder.
The adder is heavily wounded.
You feel sick. The adder bites you but does no damage. Something hits you.
* * * LOW HITPOINT WARNING * * *
The adder barely misses you.
You miss the adder.
The adder is heavily wounded.
You feel sick.
You are no longer poisoned.
The adder bites you but does no damage. Something hits you but does no damage.
The adder bites you but does no damage.
You hit the adder.
The adder is almost dead.
The adder barely misses you. Something hits you.
* * * LOW HITPOINT WARNING * * *
The adder bites you.
* * * LOW HITPOINT WARNING * * *
You are lethally poisoned!
The adder poisons you!
It was a potion of haste.
You feel yourself speed up.
You die...

#.#..#..####..#.#
#.#.......##..#.##
#.#.....#.##..##..
#.........#.......
###....†##.........
#...............
#.).....#.......
#.#.....#†......
#.#.....@S..>...
#.#......†{.....
#.#######.......
#.......##..##..
######### #..# #
#.# .# #


You could see an adder.

Vanquished Creatures
  3 dart slugs
  10 ball pythons
  An endoplasm (D:2)
  A giant cockroach (D:1)
  4 hobgoblins
  5 kobolds (D:1)
  2 quokkas (D:1)
  2 bats (D:1)
  6 frilled lizards (D:1)
  3 goblins (D:1)
  6 rats
43 creatures vanquished.

Notes
Turn   | Place    | Note
-------+----------+-------------------------------------------
     0 | D:1      | fireball365 the Hill Orc Fighter began the quest for the
                  | Orb.
     0 | D:1      | Reached XP level 1. HP: 19/19 MP: 1/1
   118 | D:1      | Reached XP level 2. HP: 23/27 MP: 2/2
   311 | D:1      | Reached XP level 3. HP: 32/33 MP: 3/3
   444 | D:1      | Reached skill level 4 in Fighting
   855 | D:2      | Noticed Sigmund
   869 | D:2      | HP: 1/33 [adder (3)]
   870 | D:2      | Succumbed to an adder's poison

Illustrated notes

Levels and vault maps discovered:
D:1:      spicycebolla_arrival_ecumenical, layout_basic
D:2:      layout_basic, st_stairs_5, uniq_crazy_yiuf_cottage, uniq_sigmund,
          uniq_robin

Skill      XL: |  1  2  3 |
---------------+----------+-----
Axes           | 3 |  3.5
Fighting       | 4 |  4.0
Armour         | |  3.8
Dodging        | |  0.2
Shields        | |  3.7

Action                     || total
---------------------------++-------
  Melee: War axe           ||   115
    Use: Potion            ||     1
 Armour: Scale mail        ||    79
  Dodge: Dodged            ||    71
  Block: Buckler           ||    31
